groovejumper, neutral female human Wizard ----- |...| ----- |.<..# |...| |...|# |....##### |...| |...| #+ --.-- |...+##### # # #.(..| ####@M #### #----- ## ## 0############# # # # --------- # |.......| ###|.......| #........| |.......| --------- groovejumper the Thaumaturge Experience level: 6 Strength: 7 Dexterity: 14 Constitution: 16 Intelligence: 12 Wisdom: 12 Charisma: 13 Health: 0(36) Energy: 54(70) AC: 8 Gold: 514 Moves: 3223 Your Inventory: Coins $ - 514 gold pieces Weapons a - a blessed +4 quarterstaff (weapon in hands) B - 11 [uncursed +0] darts Armor b - an uncursed +0 cloak of magic resistance (being worn) v - an uncursed +0 pair of leather gloves of displacement (being worn) Comestibles A - 4 [uncursed] tripe rations E - an [uncursed] lichen corpse Scrolls i - an uncursed scroll of create monster j - an uncursed scroll of magic mapping k - a blessed scroll of confuse monster Q - an [uncursed] scroll labeled EIRIS SAZUN IDISI [of enchant armor] S - an [uncursed] scroll labeled GARVEN DEH [of taming] Spellbooks l - a blessed spellbook of force bolt m - an uncursed spellbook of magic missile N - an [uncursed] spellbook of jumping Potions f - a potion of holy water g - an uncursed potion of levitation h - an uncursed potion of water C - an [uncursed] potion of sickness I - an [uncursed] puce potion [of extra healing] J - an [uncursed] magenta potion [of enlightenment] L - an [uncursed] dark potion [of monster detection] Rings d - an uncursed ring of warning e - an uncursed ring of stealth Wands c - an uncursed wand of speed monster (0:7) r - an uncursed wand of probing (0:6) s - an [uncursed] curved wand [of secret door detection (0:12)] t - an uncursed wand of polymorph (0:6) w - an [uncursed] nickel wand [of opening (0:7)] x - an uncursed wand of undead turning (0:5) H - an [uncursed] oak wand [of make invisible (0:5)] Tools q - an [uncursed] tinning kit [0:33] M - an [uncursed] towel Spells known in the end: Name Level Category Fail Memory a - force bolt 1 attack 0% [|||||||.] b - magic missile 2 attack 0% [|||||||.] c - jumping 1 escape 0% [||||||||] Your skills at the end: Fighting Skills Weapon Skills quarterstaff [Basic / Expert] Spellcasting Skills attack spells [Basic / Expert] enchantment spells [Basic / Skilled] Final Attributes: You were piously aligned. Hunger level was 243. Your alignment was 25 / 26. Monster difficulty range was 1 - 6. Level difficulty was 7. You were magic-protected. You were displaced. Your luck was zero. You are dead. Vanquished creatures: a dingo a water nymph a mountain nymph a pony a yellow light an elf zombie a straw golem a dwarf 2 kobold lords an orc zombie 5 dwarf zombies 4 iguanas a coyote a gas spore 2 hobbits a giant rat a cave spider 2 brown molds a gnome 2 geckos 6 jackals a fox 5 kobolds 4 goblins 2 sewer rats 4 grid bugs 4 lichens 2 kobold zombies 9 newts 68 creatures vanquished. Voluntary challenges: You were an atheist. You used a wielded weapon 54 times. You read items or engraved 6 times. You put on armor 5 times. You never genocided any monsters. You never polymorphed an object. You never changed form. You used no wishes. You never wrote Elbereth's name. You never encountered a bones level. You never used any Sokoban shortcuts. Dungeon overview: The Dungeons of Doom: levels 1 to 7 Level 1 a fountain a long staircase Level 2 a wand shop Level 4 a pet store stairs to The Gnomish Mines Level 6 many fountains Level 7 <- You were here The Gnomish Mines: Level 5 stairs to The Dungeons of Doom History has recorded: On T:1 you entered the Dungeons of Doom to retrieve the Amulet of Yendor! On T:191 you advanced to experience level 2. On T:388 you reached level 2 of The Dungeons of Doom. On T:890 you advanced to experience level 3. On T:1201 you reached level 3 of The Dungeons of Doom. On T:1256 you advanced to experience level 4. On T:1571 you reached level 4 of The Dungeons of Doom. On T:1696 you advanced to experience level 5. On T:1982 you reached level 1 of The Gnomish Mines. On T:2032 you reached level 5 of The Dungeons of Doom. On T:2307 you advanced to experience level 6. On T:2519 you reached level 6 of The Dungeons of Doom. On T:3122 you reached level 7 of The Dungeons of Doom. Latest messages: You carefully open the chest... S - a scroll labeled GARVEN DEH. You hear a chugging sound. You miss the human mummy. The human mummy hits! (2x) [HP-11=25] The spell hits the human mummy! The human mummy resists! The human mummy hits! (2x) [HP-9=16] The spell misses the human mummy. The human mummy hits! (2x) [HP-11=5] You write "Elbereth" with your fingers into the dust. The human mummy hits! You die... Final status: Goodbye groovejumper the Wizard... You died in The Dungeons of Doom on dungeon level 7 with 2619 points, and 514 pieces of gold, after 3223 moves. You were level 6 with a maximum of 36 hit points when you died.